 Dungeon Crawl Stone Soup version 0.20.1-1-g8b1a95d (webtiles) character file.

1115 equalderp2856 the Covered (level 8, -2/70 HPs)
             Began as a Minotaur Fighter on July 29, 2017.
             Slain by a yak (12 damage)
             ... on level 5 of the Dungeon.
             The game lasted 00:13:56 (6228 turns).

equalderp2856 the Covered (Minotaur Fighter)        Turns: 6228, Time: 00:13:57

Health: -2/70      AC: 13    Str: 26    XL:     8   Next: 12%
Magic:  16/16      EV:  6    Int:  5    God:
Gold:   211        SH: 11    Dex: 12    Spells: 7/7 levels left

rFire    . . .     SeeInvis .   a - +0 war axe
rCold    . . .     Gourm    .   c - +0 shield
rNeg     . . .     Faith    .   s - +0 plate armour
rPois    .         Spirit   .   (helmet restricted)
rElec    .         Reflect  .   n - scarf {cloud immunity}
rCorr    .         Harm     .   (no gloves)
MR       .....                  (no boots)
Stlth    ..........             (no amulet)
Regen    0.3/turn               C - ring of magical power (curse)
MPRegen  0.2/turn               D - ring of wizardry

@: mighty, starving
A: retaliatory headbutt, horns 2
a: no special abilities


You were on level 5 of the Dungeon.
You were starving.

You visited 1 branch of the dungeon, and saw 5 of its levels.
You also visited: Sewer.

You collected 211 gold pieces.

Inventory:

Hand Weapons
 a - a +0 war axe (weapon)
 v - a +0 short sword
Missiles
 m - 22 poisoned needles
 o - 43 bolts
 p - 106 stones (quivered)
 q - 8 javelins of penetration
 F - 31 arrows
Armour
 b - a +0 scale mail
 c - a +0 shield (worn)
 n - a scarf of cloud immunity (worn)
 r - a +0 robe
 s - a +0 plate armour (worn)
 t - a +0 robe
 E - a +0 troll leather armour {Purgy}
Jewellery
 z - an uncursed ring of protection from fire
 A - a +5 ring of dexterity
 C - a cursed ring of magical power (left hand)
 D - a ring of wizardry (right hand)
Scrolls
 k - a scroll of immolation {unknown}
 u - a scroll of enchant armour {unknown}
 w - 3 scrolls of remove curse
 y - a scroll of blinking {unknown}
 G - 2 scrolls of fog
 H - a scroll of magic mapping {unknown}
 J - a scroll of identify
Potions
 e - 2 potions of brilliance
 g - a potion of agility
 h - a potion of ambrosia
 j - 2 potions of curing
 l - a potion of mutation
 x - a potion of lignification
Comestibles
 f - 2 bread rations
 i - 2 fruits
 B - 2 meat rations


   Skills:
 + Level 5.9 Fighting
 + Level 6.4 Axes
 + Level 7.2 Armour
 + Level 1.3 Dodging
 + Level 6.6 Shields


You had 7 spell levels left.
You didn't know any spells.

Dungeon Overview and Level Annotations

Branches:
Dungeon (5/15)             Temple (0/1) D:5

Altars:
Dithmenos
Hepliaklqana
Sif Muna
Xom

Shops:
D:5 *


Innate Abilities, Weirdness & Mutations

You reflexively headbutt those who attack you in melee.
You have a pair of horns on your head.


Message History

The yak is heavily wounded.
You barely miss the orc wizard. The orc wizard hits you with a dagger.
* * * LOW HITPOINT WARNING * * *
The yak gores you but does no damage.
You barely miss the yak. Your headbutt misses the yak.
The yak is heavily wounded.
Your shield and plate armour prevent you from hitting the orc wizard.
You block the orc wizard's attack. The yak gores you but does no damage.
The orc priest looks satisfied for a moment.
You block the yak's attack.
The orc wizard mumbles some strange words.
The orc wizard seems to speed up.
You slice the orc wizard!!
You kill the orc wizard!
You hit the yak. You block the yak's attack.
You slice the yak!!
The yak is heavily wounded.
Your shield and plate armour prevent you from hitting the yak.
You block the yak's attack. The yak gores you!
You die...

#.#####.##.##.# #... #.#
#.##.##%#########.##### #.#
#.........†............
#.############.########..####
####.#.......## #.# ##..####
#......8.8.8..###.#######.......
#.###...⌠.⌠........)....Y...####
# #..8.>.8.o###Y########..####
##..⌠.⌠.YoY@YY....# #......
#.8.8.8.######.#.# #..####
.........# #.#.# #...
#########.# #.#.# ##.## #.#
#.#.# #.# # #.# #.#.# .. #.
#.#.# ## #. #.#.# . #.# ##.


You could see 5 yaks, an orc priest and an orc.

Vanquished Creatures
  A hippogriff (D:5)
  A yak (D:5)
  Purgy (Sewer)
  An ogre (D:5)
  A bullfrog (D:5)
  A howler monkey (D:5)
  A hound (D:4)
  2 bullfrog zombies (D:5)
  A jelly (D:4)
  A gnoll shaman (D:4)
  3 orc priests
  An orc wizard (D:5)
  An iguana (D:3)
  A worker ant (D:4)
  9 gnolls
  3 adders
  A worm (D:5)
  2 leopard geckos (D:3)
  5 orcs
  3 giant cockroaches
  10 goblins
  4 hobgoblins
  6 jackals
  7 kobolds
  A quokka (D:3)
  2 ball pythons
  10 bats
  12 frilled lizards
  A jackal skeleton (D:5)
  14 rats
107 creatures vanquished.

Notes
Turn   | Place    | Note
-------+----------+-------------------------------------------
     0 | D:1      | equalderp2856 the Minotaur Fighter began the quest for the Orb.
     0 | D:1      | Reached XP level 1. HP: 19/19 MP: 0/0
    31 | D:1      | Reached XP level 2. HP: 27/27 MP: 1/1
  1349 | D:2      | Reached XP level 3. HP: 33/33 MP: 2/2
  1628 | D:2      | Found a shadowy altar of Dithmenos.
  1824 | D:2      | Reached skill level 4 in Armour
  1945 | D:3      | Found a shimmering altar of Xom.
  1947 | D:3      | Found a deep blue altar of Sif Muna.
  2163 | D:3      | Found a glowing drain.
  2199 | Sewer    | Entered a sewer
  2314 | Sewer    | Noticed Purgy
  2332 | Sewer    | Killed Purgy
  2332 | Sewer    | Reached XP level 4. HP: 17/41 MP: 3/3
  2332 | Sewer    | Reached XP level 5. HP: 19/47 MP: 4/4
  3253 | D:3      | Reached skill level 5 in Shields
  3827 | D:3      | Found a hazy altar of Hepliaklqana.
  4149 | D:3      | Reached skill level 5 in Armour
  4149 | D:3      | Reached XP level 6. HP: 39/53 MP: 5/5
  4981 | D:4      | Reached skill level 5 in Axes
  5145 | D:4      | Reached skill level 5 in Fighting
  5225 | D:4      | Reached skill level 1 in Dodging
  5735 | D:5      | Entered Level 5 of the Dungeon
  5737 | D:5      | Reached XP level 7. HP: 21/61 MP: 6/6
  5798 | D:5      | Noticed a hippogriff
  5803 | D:5      | Reached skill level 6 in Armour
  5806 | D:5      | Killed a hippogriff
  5844 | D:5      | Found Jyofeen's Assorted Antiques.
  6020 | D:5      | Reached skill level 7 in Armour
  6040 | D:5      | Found a staircase to the Ecumenical Temple.
  6157 | D:5      | Noticed a yak
  6158 | D:5      | Noticed a yak
  6159 | D:5      | Noticed a yak
  6160 | D:5      | Noticed a yak
  6161 | D:5      | Noticed a yak
  6162 | D:5      | Noticed a yak
  6192 | D:5      | Killed a yak
  6192 | D:5      | Reached XP level 8. HP: 24/70 MP: 7/7
  6228 | D:5      | Slain by a yak

Skill      XL: |  1  2  3  4  5  6  7 |
---------------+----------------------+-----
Shields        | 4 5 6 |  6.6
Fighting       | 4 5 |  5.9
Axes           | 4 5 6 |  6.4
Armour         | 4 5 7 |  7.2
Dodging        | 1 |  1.3

Action                   |  1- 3 |  4- 6 |  7- 9 || total
-------------------------+-------+-------+-------++-------
Melee: War axe           |   146 |   114 |    52 ||   312
       Headbutt          |    20 |    17 |     9 ||    46
  Use: Scroll            |       |    10 |       ||    10
       Potion            |       |     4 |     3 ||     7
  Eat: Chunk             |     4 |    10 |       ||    14
       Fruit             |       |     1 |       ||     1
Armor: Scale mail        |    24 |       |       ||    24
       Plate armour      |    83 |    86 |    24 ||   193
Dodge: Dodged            |    29 |    23 |    11 ||    63
Block: Shield            |    97 |   117 |    36 ||   250
